General information
- name: BNet
- type: Ladder 1vs1/FFA
- host: Battle.net
- saver: Damn_SpiderRush
map: TwistedMeadows
- players: 2
- length: 61:58
- speed: Fast
- version: 1.21 W3XP
- replay type: Public
» download(172 KB)
Players
team 1 (winner)
Damn_SpiderRush (
orange | 74 APM | 4610 actions | 61:58)
7 Blood Mage
3 Flame Strike
3 Siphon Mana
1 Summon Phoenix
8 Mountain King
3 Storm Bolt
3 Bash
1 Avatar
1 Thunder Clap
» actions
| Assign group hotkey | 40 | |
| Basic commands | 126 | |
| Build / train | 134 | |
| ESC pressed | 16 | |
| Enter build submenu | 57 | |
| Enter hero's abilities submenu | 16 | |
| Give item / drop item | 9 | |
| Remove unit from queue | 2 | |
| Right click | 2239 | |
| Select / deselect | 1262 | |
| Select group hotkey | 432 | |
| Use ability | 274 | |
4610 total
» units
| Peasant | 16 | |
| Gryphon Rider | 18 | |
| Goblin Zeppelin | 1 | |
| Dragonhawk Rider | 8 | |
43 total
» upgrades
| Masonry | 3 | |
| Storm Hammers | 1 | |
| Swords | 3 | |
| Cloud | 1 | |
| Armor | 2 | |
10 total
» buildings
| Altar of Kings | 2 | |
| Farm | 28 | |
| Lumber Mill | 2 | |
| Scout Tower | 51 | |
| Arcane Tower | 1 | |
| Guard Tower | 26 | |
| Keep | 3 | |
| Arcane Vault | 1 | |
| Castle | 3 | |
| Gryphon Aviary | 4 | |
| Blacksmith | 1 | |
| Town Hall | 2 | |
124 total
» build order
00:03 Altar of Kings
00:36 Farm
00:54 Lumber Mill
01:07 Farm
01:23 Scout Tower
01:26 Scout Tower
01:52 Arcane Tower
02:10 Guard Tower
02:19 Scout Tower
02:27 Scout Tower
02:29 Scout Tower
02:46 Guard Tower
03:40 Scout Tower
03:42 Scout Tower
03:56 Keep
04:00 Scout Tower
04:02 Scout Tower
04:03 Scout Tower
04:04 Scout Tower
04:06 Scout Tower
04:36 Arcane Vault
04:44 Guard Tower
04:48 Guard Tower
04:56 Guard Tower
05:44 Guard Tower
06:10 Guard Tower
06:16 Scout Tower
06:31 Castle
06:53 Guard Tower
07:06 Scout Tower
07:43 Guard Tower
07:47 Scout Tower
08:41 Guard Tower
09:01 Gryphon Aviary
09:12 Gryphon Aviary
10:34 Farm
10:58 Farm
11:37 Farm
13:07 Farm
13:10 Farm
15:53 Blacksmith
16:06 Guard Tower
16:31 Farm
20:44 Farm
21:40 Guard Tower
21:52 Guard Tower
23:55 Town Hall
27:14 Keep
27:16 Scout Tower
27:17 Scout Tower
27:18 Scout Tower
27:19 Scout Tower
27:20 Scout Tower
27:21 Scout Tower
27:22 Scout Tower
27:22 Scout Tower
27:23 Scout Tower
27:25 Scout Tower
27:25 Scout Tower
27:26 Scout Tower
27:27 Scout Tower
27:47 Guard Tower
28:28 Guard Tower
28:43 Guard Tower
29:17 Guard Tower
29:30 Guard Tower
31:22 Castle
32:26 Farm
32:31 Farm
32:32 Farm
41:37 Scout Tower
41:39 Scout Tower
41:40 Scout Tower
41:41 Scout Tower
42:02 Town Hall
42:09 Guard Tower
42:13 Scout Tower
42:18 Scout Tower
42:18 Scout Tower
42:19 Scout Tower
42:20 Scout Tower
42:21 Scout Tower
42:25 Guard Tower
43:55 Guard Tower
47:48 Scout Tower
47:49 Scout Tower
47:50 Scout Tower
47:51 Scout Tower
47:53 Scout Tower
47:54 Scout Tower
48:13 Lumber Mill
48:56 Guard Tower
48:58 Gryphon Aviary
49:06 Gryphon Aviary
50:08 Scout Tower
50:10 Scout Tower
50:14 Scout Tower
50:15 Scout Tower
50:16 Scout Tower
50:17 Scout Tower
50:18 Scout Tower
51:08 Guard Tower
51:35 Farm
51:37 Farm
51:38 Farm
51:39 Farm
51:41 Farm
51:42 Farm
51:43 Farm
51:44 Farm
52:00 Guard Tower
52:31 Guard Tower
54:55 Guard Tower
55:14 Keep
55:19 Farm
55:20 Farm
55:22 Farm
55:22 Farm
55:30 Farm
55:32 Farm
55:33 Farm
55:33 Farm
57:58 Altar of Kings
59:15 Castle
» items
| Boots of Speed | 2 | |
| Staff of Teleportation | 1 | |
| Scroll of Regeneration | 10 | |
| Lesser Clarity Potion | 4 | |
| Mechanical Critter | 1 | |
| Potion of Healing | 5 | |
| Staff of Sanctuary | 2 | |
| Ivory Tower | 3 | |
| Scroll of Town Portal | 1 | |
29 total
team 2 (loser)

»
doral24 (
yellow | 30 APM | 1840 actions | 61:56)
9 Blademaster
2 Wind Walk
3 Critical Strike
3 Mirror Image
1 Bladestorm
» actions
| Basic commands | 35 | |
| Build / train | 147 | |
| Enter build submenu | 64 | |
| Enter hero's abilities submenu | 9 | |
| Give item / drop item | 1 | |
| Right click | 600 | |
| Select / deselect | 807 | |
| Use ability | 177 | |
1840 total
» units
| Peon | 29 | |
| Kodo Beast | 2 | |
| Raider | 27 | |
| Demolisher | 12 | |
| Troll Headhunter/Berserker | 16 | |
| Troll Batrider | 1 | |
| Wind Rider | 9 | |
| Goblin Shredder | 1 | |
| Goblin Zeppelin | 5 | |
102 total
» upgrades
| Melee Weapons | 3 | |
| Pillage | 1 | |
| Armor | 3 | |
| Ranged Weapons | 3 | |
| Ensnare | 1 | |
| Reinforced Defenses | 1 | |
| Spiked Barricades | 3 | |
| Berserker Upgrade | 1 | |
| Troll Regeneration | 1 | |
| Envenomed Spears | 1 | |
| Burning Oil | 1 | |
19 total
» buildings
| War Mill | 1 | |
| Altar of Storms | 1 | |
| Orc Burrow | 8 | |
| Watch Tower | 35 | |
| Stronghold | 1 | |
| Voodoo Lounge | 1 | |
| Beastiary | 4 | |
| Barracks | 2 | |
| Fortress | 1 | |
| Great Hall | 5 | |
59 total
» build order
00:11 War Mill
00:15 Altar of Storms
00:26 Orc Burrow
01:38 Watch Tower
02:26 Stronghold
02:38 Orc Burrow
03:04 Voodoo Lounge
03:37 Orc Burrow
04:50 Beastiary
04:54 Beastiary
05:00 Beastiary
05:52 Barracks
06:00 Barracks
07:49 Orc Burrow
09:15 Orc Burrow
13:23 Watch Tower
15:00 Fortress
16:35 Great Hall
17:52 Orc Burrow
18:08 Watch Tower
18:12 Watch Tower
18:57 Watch Tower
19:23 Watch Tower
19:26 Watch Tower
19:39 Orc Burrow
21:05 Watch Tower
22:08 Watch Tower
22:11 Watch Tower
23:11 Orc Burrow
23:35 Watch Tower
25:07 Watch Tower
27:18 Great Hall
27:23 Watch Tower
32:23 Great Hall
33:37 Watch Tower
33:40 Watch Tower
33:43 Watch Tower
33:46 Watch Tower
35:30 Beastiary
38:07 Watch Tower
38:15 Watch Tower
38:28 Watch Tower
39:31 Great Hall
40:21 Watch Tower
40:31 Watch Tower
40:38 Watch Tower
43:35 Watch Tower
45:21 Watch Tower
47:15 Watch Tower
47:20 Watch Tower
48:54 Great Hall
51:38 Watch Tower
53:37 Watch Tower
57:31 Watch Tower
57:35 Watch Tower
57:41 Watch Tower
59:30 Watch Tower
59:36 Watch Tower
59:46 Watch Tower
» items
| Healing Salve | 4 | |
| Scroll of Speed | 1 | |
| Potion of Healing | 3 | |
| Lesser Clarity Potion | 1 | |
| Scroll of Town Portal | 3 | |
| Orb of Lightning | 2 | |
14 total
Chat log
(35:33 / All) doral24: lol
(35:48 / All) Damn_SpiderRush: hehe what are you trying to do ther
(35:49 / All) Damn_SpiderRush: lol
(58:54 / All) doral24: no fyukin way
(59:00 / All) Damn_SpiderRush: what did u expect...
(59:15 / All) doral24: u not that good
(59:21 / All) doral24: yu tower boy
(59:23 / All) Damn_SpiderRush: lol
(59:25 / All) Damn_SpiderRush: its fun
(59:36 / All) Damn_SpiderRush: sometimes i get lazy beating ass with skill so i come on my jerk off account
(59:38 / All) Damn_SpiderRush: HU is op
(59:41 / All) doral24: boring
(59:45 / All) Damn_SpiderRush: haha for you maybe